 Dungeon Crawl Stone Soup version 0.18.1-48-g4cf74bf (webtiles) character file.

5558 sarahorange the Covert (level 10, -14/48 HPs)
             Began as a Spriggan Assassin on June 26, 2016.
             Was a Believer of Nemelex Xobeh.
             Killed from afar by a fire dragon (46 damage)
             ... with a blast of flame
             ... on level 2 of the Lair of Beasts.
             The game lasted 02:25:43 (13276 turns).

sarahorange the Covert (Spriggan Assassin)         Turns: 13276, Time: 02:25:44

Health: -14/48     AC:  4    Str:  8    XL:     10   Next: 44%
Magic:  12/12      EV: 24    Int: 13    God:    Nemelex Xobeh [**....]
Gold:   412        SH:  6    Dex: 20    Spells: 0 memorised, 9 levels left

rFire  . . .     SeeInvis +     b - +2 blowgun
rCold  . . .     Gourm    .     c - +0 robe
rNeg   + . .     Faith    .     u - +0 buckler
rPois  .         Spirit   .     (helmet restricted)
rElec  .         Dismiss  .     d - +1 cloak
rCorr  .         Reflect  .     (gloves unavailable)
SustAt .         Harm     .     (boots unavailable)
MR     +....                    (no amulet)
Stlth  ++++++....               (no ring)
                                B - ring of positive energy

@: flying, very quick, somewhat resistant to hostile enchantments, very stealthy
A: unfitting armour, see invisible, herbivore 3, speed 3, slow metabolism 2
a: Renounce Religion


You were on level 2 of the Lair of Beasts.
You worshipped Nemelex Xobeh.
Nemelex Xobeh was pleased with you.
You were not hungry.

You visited 3 branches of the dungeon, and saw 11 of its levels.

You collected 412 gold pieces.

Inventory:

Hand Weapons
 a - a +3 dagger
 b - a +2 blowgun (weapon)
 o - the +3 rapier "Undertaker" {pierce, rF+ Str+4}
   (You found it on level 5 of the Dungeon)

   It inflicts extra damage upon your enemies.
   It affects your strength (+4).
   It protects you from fire.
 t - a +0 hunting sling
Missiles
 f - 3 curare-tipped needles
 l - 211 stones
 v - 27 poisoned needles (quivered)
 J - 39 sling bullets
Armour
 c - a +0 robe (worn)
 d - a +1 cloak (worn)
 u - a +0 buckler (worn)
Magical Staves
 h - an uncursed staff of poison
Jewellery
 B - a ring of positive energy (left hand)
Wands
 C - a wand of slowing (19/48)
 F - a wand of digging (14/24)
 K - a wand of confusion (30/48)
Scrolls
 k - 4 scrolls of identify
 m - a scroll of recharging
 n - 8 scrolls of remove curse
 w - 3 scrolls of fog
 y - a scroll of magic mapping
 z - a scroll of enchant armour
 E - a scroll of enchant weapon
 M - a scroll of fear
Potions
 e - 2 potions of flight
 i - a potion of invisibility {unknown}
 j - a potion of cancellation {unknown}
 p - a potion of lignification {unknown}
 q - 3 potions of curing
 r - a potion of brilliance {unknown}
 x - a potion of magic {unknown}
 A - a potion of heal wounds {unknown}
 G - 3 potions of haste
 H - a potion of cure mutation {unknown}
Miscellaneous
 D - a phial of floods
 I - a legendary deck of war {drawn: 1}
 L - a plain deck of war
Comestibles
 g - 6 bread rations
 s - a royal jelly


   Skills:
 + Level 2.9 Fighting
 + Level 4.0 Short Blades
 + Level 7.6(11.0) Slings
 + Level 10.6(11.3) Throwing
 + Level 8.0 Dodging
 + Level 10.7 Stealth
 + Level 1.3 Shields
 + Level 2.0 Evocations


You had 9 spell levels left.
You didn't know any spells.

Dungeon Overview and Level Annotations

Branches:
Dungeon (8/15)             Temple (1/1) D:6            Lair (2/8) D:8

Altars:
Ashenzari
Cheibriados
Dithmenos
Elyvilon
Fedhas
Gozag
Kikubaaqudgha
Makhleb
Nemelex Xobeh
Okawaru
Pakellas
Ru
Sif Muna
Trog
Vehumet
Xom
Yredelemnul
Zin
The Shining One


Innate Abilities, Weirdness & Mutations

You are tiny and cannot use many weapons and most armour.
You have supernaturally acute eyesight.
You are a herbivore.
You cover ground extremely quickly.
You need consume almost no food.


Message History

You shoot a poisoned needle.
The poisoned needle hits the fire dragon!
The fire dragon is almost dead.
Firing (i - inventory. (,) - cycle):
v - 29 poisoned needles (quivered)
Press: ? - help, Shift-Dir - straight line, f/p - fire dragon
Aim: a fire dragon (almost dead, poisoned)
You shoot a poisoned needle.
The poisoned needle closely misses the fire dragon.
Firing (i - inventory. (,) - cycle):
v - 28 poisoned needles (quivered)
Press: ? - help, Shift-Dir - straight line, f/p - fire dragon
Aim: a fire dragon (almost dead, poisoned)
You shoot a poisoned needle.
The poisoned needle hits the fire dragon!
The fire dragon looks even sicker.
The fire dragon is almost dead.
The fire dragon breathes flames at you. The blast of flame hits you!
Ouch! That really hurt!
You die...
Your body disappears without a glow.

#.##.[..####.........<....
##.....##.......#.........
##.....#####.##############
#......#####.#
#......##....#
#..(...##.#### #P.....##.##
### ##.....##..# ####..
##P...###@###### ##.....
###PP# #..††.D#####......
### ######.†((.(.(....
#####........ ###......
##....≈ ###..≈ ####


You could see a fire dragon.

Vanquished Creatures
  Pikel (D:8)
  Joseph (D:8)
  A basilisk (Lair:1)
  2 hippogriffs
  A porcupine (Lair:1)
  3 orc warriors
  A phantom (D:5)
  2 black bears
  3 ice beasts
  7 ogres
  2 centaurs
  A crocodile (Lair:2)
  Blork the orc (D:4)
  A big kobold (D:7)
  6 giant frogs
  A wyvern zombie (D:8)
  A water moccasin skeleton (D:5)
  2 scorpions (D:7)
  A howler monkey (D:5)
  4 crimson imps
  A giant frog zombie (D:7)
  A quasit (D:7)
  A hound (D:4)
  2 jellies (D:5)
  A giant frog skeleton (D:8)
  6 orc priests
  2 centaur skeletons (D:5)
  Terence (D:2)
  6 iguanas
  11 orc wizards
  4 worker ants
  5 sheep (Lair:1)
  A hound zombie (D:7)
  A worker ant zombie (D:8)
  18 adders
  10 river rats
  2 shadow imps
  An ooze (D:2)
  An adder skeleton (D:6)
  An adder zombie (D:5)
  3 worms
  3 dart slugs
  3 giant geckos
  24 orcs
  A giant cockroach (D:6)
  5 goblins
  6 hobgoblins
  10 jackals
  5 quokkas
  A ball python (D:8)
  4 bats
  A giant cockroach zombie (D:6)
  2 giant gecko zombies (D:7)
  7 giant newts
  A jackal skeleton (D:7)
  10 kobolds
  7 rats
211 creatures vanquished.

Vanquished Creatures (collateral kills)
  A porcupine (Lair:1)
  A crocodile (Lair:1)
  4 river rats (Lair:1)
  A quokka skeleton (D:8)
7 creatures vanquished.

Vanquished Creatures (others)
  3 slaves (D:8)
  A centaur (D:8)
  A giant frog (D:8)
  An orc wizard (D:8)
  An iguana (D:8)
  5 orcs (D:8)
  A plant (Lair:2)
13 creatures vanquished.

Grand Total: 231 creatures vanquished

Notes
Turn   | Place    | Note
--------------------------------------------------------------
     0 | D:1      | sarahorange the Spriggan Assassin began the quest for the Orb.
     0 | D:1      | Reached XP level 1. HP: 10/10 MP: 2/2
   124 | D:1      | Found a shattered altar of Ashenzari.
   497 | D:1      | Reached XP level 2. HP: 13/14 MP: 3/3
   931 | D:2      | Reached XP level 3. HP: 18/18 MP: 4/4
  1507 | D:2      | Noticed Terence
  1533 | D:2      | Killed Terence
  1533 | D:2      | Reached XP level 4. HP: 23/23 MP: 5/5
  2055 | D:3      | Noticed Blork the orc
  2689 | D:3      | Reached XP level 5. HP: 26/26 MP: 6/6
  3132 | D:3      | Found a deep blue altar of Sif Muna.
  3230 | D:3      | Found a shattered altar of Ashenzari.
  3230 | D:3      | Found a shimmering altar of Xom.
  3230 | D:3      | Found an opulent altar of Gozag.
  3233 | D:3      | Found a blossoming altar of Fedhas.
  3234 | D:3      | Found a deep blue altar of Sif Muna.
  3463 | D:4      | Noticed an ogre
  3550 | D:4      | Killed Blork the orc
  3550 | D:4      | Reached skill level 1 in Slings
  3688 | D:4      | Reached XP level 6. HP: 30/30 MP: 7/7
  4339 | D:4      | Reached XP level 7. HP: 34/34 MP: 8/8
  4546 | D:5      | Entered Level 5 of the Dungeon
  4547 | D:5      | Reached skill level 5 in Throwing
  4779 | D:5      | Found a snail-covered altar of Cheibriados.
  5601 | D:5      | Got a faintly glowing rapier
  5611 | D:5      | Identified the cursed +3 rapier "Undertaker" {pierce, rF+ Str+4} (You found it on level 5 of the Dungeon)
  5689 | D:5      | Reached XP level 8. HP: 39/39 MP: 9/9
  6929 | D:6      | Found a radiant altar of Vehumet.
  7179 | D:6      | Found a staircase to the Ecumenical Temple.
  7185 | Temple   | Entered the Ecumenical Temple
  7194 | Temple   | Became a worshipper of Nemelex Xobeh the Trickster
  7249 | Temple   | Received a gift from Nemelex Xobeh
  7334 | D:6      | Reached skill level 5 in Slings
  7359 | D:6      | Reached skill level 10 in Stealth
  8186 | D:7      | Reached skill level 5 in Dodging
  8215 | D:7      | Reached XP level 9. HP: 42/43 MP: 10/10
 10272 | D:8      | Reached * piety under Nemelex Xobeh
 10312 | D:8      | Noticed Pikel
 10480 | D:8      | Killed Pikel
 10560 | D:8      | Reached skill level 1 in Evocations
 10687 | D:8      | Reached skill level 1 in Shields
 10916 | D:8      | Received a gift from Nemelex Xobeh
 10960 | D:8      | Reached XP level 10. HP: 48/48 MP: 11/11
 11103 | D:8      | Found a staircase to the Lair.
 11192 | D:8      | Noticed Joseph
 11290 | D:8      | Killed Joseph
 11616 | D:8      | Reached skill level 10 in Throwing
 11955 | Lair:1   | Entered Level 1 of the Lair of Beasts
 12414 | Lair:1   | Reached ** piety under Nemelex Xobeh
 12447 | Lair:1   | Received a gift from Nemelex Xobeh
 12489 | Lair:1   | Noticed a seven-headed hydra
 13229 | Lair:2   | Noticed a fire dragon
 13276 | Lair:2   | Killed from afar by a fire dragon

Skill      XL: |  1  2  3  4  5  6  7  8  9 10 |
---------------+-------------------------------+-----
Stealth        | 6 7 8 9 10 | 10.7
Dodging        | 2 3 4 5 7 8 |  8.0
Throwing       | 3 4 5 7 9 10 | 10.6
Slings         | 1 3 4 5 6 7 |  7.6
Fighting       | 2 |  2.9
Short Blades   | 3 4 |  4.0
Evocations     | 1 2 |  2.0
Shields        | 1 |  1.3

Action                   |  1- 3 |  4- 6 |  7- 9 | 10-12 || total
-------------------------+-------+-------+-------+-------++-------
Melee: Dagger            |    79 |    54 |    41 |       ||   174
       Rapier            |       |       |   112 |    43 ||   155
 Fire: Blowgun           |    38 |    69 |   197 |    84 ||   388
       Hunting sling     |       |    35 |   115 |    31 ||   181
Throw: Stone             |     6 |    42 |   173 |    69 ||   290
Evoke: Deck              |       |       |     4 |     4 ||     8
  Use: Scroll            |       |     8 |    11 |       ||    19
       Potion            |       |       |     1 |     1 ||     2
 Stab: Sleeping          |     6 |     8 |    11 |     2 ||    27
  Eat: Pizza             |       |     1 |       |       ||     1
       Royal jelly       |       |       |     1 |     1 ||     2
       Fruit             |       |       |     2 |     1 ||     3
Armor: Robe              |     8 |     4 |    21 |     1 ||    34
Dodge: Dodged            |    51 |    26 |   160 |    32 ||   269
Block: Buckler           |       |     9 |    40 |    10 ||    59
